 Dungeon Crawl Stone Soup version 0.21.1-1-g345015f (console) character file.

6983 fly the Blocker (level 11, -2/67 HPs)
             Began as an Octopode Earth Elementalist on June 3, 2018.
             Was an Elder of Qazlal.
             Killed from afar by a molten gargoyle (21 damage)
             ... with a bolt of magma
             ... on level 9 of the Dungeon.
             The game lasted 00:29:22 (9439 turns).

fly the Blocker (Octopode Earth Elementalist)       Turns: 9439, Time: 00:29:23

Health: -2/67      AC:  8    Str:  7    XL:     11   Next: 8%
Magic:  13/21      EV: 17    Int: 22    God:    Qazlal [****..]
Gold:   539        SH: 16    Dex: 12    Spells: 8/24 levels left

rFire    . . .     SeeInvis .   a - +2 whip (elec)
rCold    + . .     Gourm    .   y - +2 buckler {AC+3}
rNeg     . . .     Faith    .   (helmet restricted)
rPois    .         Spirit   .   i - +2 amulet of reflection
rElec    .         Reflect  +   t - ring of resist corrosion
rCorr    +         Harm     .   K - ring of protection from cold
MR       .....                  H - ring of stealth
Stlth    ++........             (no ring)
HPRegen  0.21/turn              (no ring)
MPRegen  0.17/turn              (no ring)
                                (no ring)
                                (no ring)

@: about to teleport, repel missiles
A: almost no armour, stealthy swim, amphibious, 8 rings, constrict 8, antennae
1, icy blue scales 1, thin metallic scales 1, camouflage 1, gelatinous body 1
a: Upheaval, Elemental Force, Renounce Religion


You were on level 9 of the Dungeon.
You worshipped Qazlal.
Qazlal was greatly pleased with you.
You were not hungry.

You visited 2 branches of the dungeon, and saw 10 of its levels.
You also visited: Ossuary.

You collected 539 gold pieces.

Inventory:

Hand Weapons
 a - a +2 whip of electrocution (weapon)
 b - a +1 dagger of venom
Missiles
 w - 14 stones (quivered)
Armour
 y - a +2 buckler of protection (worn)
Jewellery
 i - a +2 amulet of reflection (around mantle)
 t - a ring of resist corrosion (left tentacle)
 H - a ring of stealth (on tentacle)
 K - a ring of protection from cold (right tentacle)
Wands
 r - a wand of digging (28)
 C - a wand of polymorph (16)
 F - a wand of random effects (30)
 N - a wand of flame (1)
Scrolls
 e - 13 scrolls of identify {unknown}
 g - 2 scrolls of fog {unknown}
 l - 5 scrolls of amnesia {unknown}
 n - 5 scrolls of remove curse {unknown}
 o - 3 scrolls of immolation {unknown}
 p - 5 scrolls of teleportation
 q - a scroll of blinking {unknown}
 u - 4 scrolls of magic mapping {unknown}
 v - 2 scrolls of enchant armour {unknown}
 z - a scroll of random uselessness {unknown}
 A - a scroll of enchant weapon {unknown}
 G - a scroll of fear {unknown}
Potions
 f - 2 potions of magic
 h - a potion of flight
 j - 3 potions of haste
 k - 3 potions of agility {unknown}
 m - a potion of invisibility {unknown}
 s - a potion of heal wounds
 D - 6 potions of curing {unknown}
 I - a potion of might
 J - a potion of lignification {unknown}
 L - a potion of degeneration {unknown}
 M - a potion of berserk rage {unknown}
Books
 d - a book of Geomancy

   Spells                             Type                      Level
   a - Sandblast                      Earth                        1
   b - Passwall                       Transmutation/Earth          2
   c - Stone Arrow                    Conjuration/Earth            3
   d - Petrify                        Transmutation/Earth          4
   e - Lee's Rapid Deconstruction     Earth                        5
 B - a book of Frost

   Spells                             Type                      Level
   a - Freeze                         Ice                          1
   b - Throw Frost                    Conjuration/Ice              2
   c - Ozocubu's Armour               Charms/Ice                   3
   d - Throw Icicle                   Conjuration/Ice              4
   e - Summon Ice Beast               Ice/Summoning                4
 E - a book of Minor Magic

   Spells                             Type                      Level
   a - Magic Dart                     Conjuration                  1
   b - Blink                          Translocation                2
   c - Call Imp                       Summoning                    2
   d - Slow                           Hexes                        2
   e - Conjure Flame                  Conjuration/Fire             3
   f - Mephitic Cloud                 Conjuration/Poison/Air       3
Comestibles
 c - 18 rations
 x - 3 chunks of flesh


   Skills:
 - Level 3.0 Fighting
 + Level 8.3 Dodging
 - Level 2.6 Stealth
 - Level 10.0 Shields
 - Level 7.0 Spellcasting
 - Level 1.0 Transmutations
 - Level 7.6 Earth Magic


You had 8 spell levels left.
You knew the following spells:

 Your Spells              Type           Power        Failure   Level  Hunger
b - Blink                 Tloc           N/A          12%         2    None
f - Mephitic Cloud        Conj/Pois/Air  #.......     24%         3    None
l - Lee's Rapid Deconstr  Erth           #####.....   10%         5    #####..
t - Stone Arrow           Conj/Erth      ###...       5%          3    None
w - Passwall              Tmut/Erth      ####......   2%          2    None
z - Sandblast             Erth           #####.       1%          1    None


Dungeon Overview and Level Annotations

Branches:
Dungeon (9/15)             Temple (1/1) D:4
   Lair: D:8-11         Orc: D:9-12

Altars:
Ashenzari
Cheibriados
Dithmenos
Elyvilon
Fedhas
Gozag
Hepliaklqana
Kikubaaqudgha
Makhleb
Nemelex Xobeh
Okawaru
Qazlal
Ru
Sif Muna
Trog
Uskayaw
Vehumet
Wu Jian
Xom
Yredelemnul
Zin
The Shining One

Annotations:
D:4 Edmund
D:5 Sigmund
D:8 microfolk's ghost, novice HaWr


Innate Abilities, Weirdness & Mutations

You cannot wear most types of armour.
You are very stealthy in the water. (Stealth+)
You are amphibious.
You can wear up to eight rings at the same time.
You can use your tentacles to constrict eight enemies at once.
Your skin changes colour to match your surroundings (Stealth+).
Your rubbery body absorbs attacks. (AC +1, EV +1)
You have a pair of small antennae on your head.
You are partially covered in icy blue scales. (AC +2)
You are partially covered in thin metallic scales. (AC +2)


Message History

The bolt of magma hits something.
The bolt of magma hits you!
* * * LOW HITPOINT WARNING * * *
There is a stone staircase leading down here.
There is a stone staircase leading down here.
Unknown command.
Unknown command.
As you read the scroll of teleportation, it crumbles to dust.
You feel strangely unstable. Something closely misses you.
Unknown command.
Your surroundings suddenly seem different.
Found a mace.
A molten gargoyle comes into view. It is wielding a mace.
As you read the scroll of teleportation, it crumbles to dust.
You feel strangely unstable.
Unknown command.
The molten gargoyle blasts magma at you!
The bolt of magma misses you.
The molten gargoyle blasts magma at you!
The bolt of magma hits you!
You die...

..........#######
†)............... #######
................. .......
########.######## .####.## #.#
..# #.# #.#
########.##############.# #.# #
................§§.§...#)..≈. ..
................@...9...# §≈.
####..################.#.≈§≈≈≈≈≈
#..# ..# ≈≈88≈ ####..# .#.§


889 ......# ..#.§ ####### .# §≈§§ .. ..≈ .# #. You could see a molten gargoyle.

Vanquished Creatures
  A two-headed ogre (D:9)
  Pikel (D:5)
  Joseph (D:8)
  The ghost of diana the Carver, a novice DgGl (D:5)
  A queen bee (D:9)
  A wyvern (D:6)
  Grum (D:9)
  A hungry ghost (D:7)
  A water moccasin (D:6)
  4 orc warriors
  2 sky beasts
  A phantom (D:4)
  2 ice beasts
  A necrophage (D:9)
  4 wolves (D:9)
  An ogre (D:9)
  3 centaurs
  A crocodile (D:9)
  A gnoll sergeant (D:6)
  4 bullfrogs
  2 water moccasin zombies (Ossuary)
  A scorpion (D:8)
  20 killer bees
  8 wights (D:9)
  2 howler monkeys (D:5)
  4 crimson imps (D:9)
  A bullfrog zombie (D:8)
  4 jellies
  A bullfrog skeleton (D:6)
  3 hounds
  6 orc wizards
  A quasit (D:8)
  3 iguanas
  4 worker ants
  A killer bee zombie (D:8)
  A big kobold zombie (Ossuary)
  A hound zombie (D:6)
  4 hound skeletons
  2 mummies (Ossuary)
  5 adders
  6 gnolls
  A howler monkey skeleton (D:7)
  A shadow imp (D:5)
  2 adder skeletons (D:4)
  5 adder zombies
  3 dart slugs
  4 worms
  6 leopard geckos
  24 orcs
  11 giant cockroaches
  6 goblins
  9 hobgoblins
  8 jackals
  10 quokkas
  3 ball pythons
  6 bats
  4 frilled lizards
  4 gnoll zombies (Ossuary)
  6 hobgoblin zombies (Ossuary)
  6 kobolds
  3 kobold zombies (Ossuary)
  A leopard gecko skeleton (D:4)
  6 orc zombies (Ossuary)
  A quokka skeleton (D:6)
  3 rats
  A spectral orc (D:9)
247 creatures vanquished.

Vanquished Creatures (others)
  3 slaves (D:5)
  A gnoll (D:5)
  An adder (D:5)
  An orc (D:8)
  A kobold zombie (Ossuary)
7 creatures vanquished.

Grand Total: 254 creatures vanquished

Notes
Turn   | Place    | Note
-------+----------+-------------------------------------------
     0 | D:1      | fly the Octopode Earth Elementalist began the quest for the Orb.
     0 | D:1      | Reached XP level 1. HP: 11/11 MP: 3/3
   213 | D:1      | Reached XP level 2. HP: 17/17 MP: 3/5
   809 | D:2      | Found a shattered altar of Ashenzari.
  1019 | D:2      | Found a shadowy altar of Dithmenos.
  1025 | D:2      | Reached XP level 3. HP: 3/21 MP: 2/6
  1545 | D:2      | Found an iron altar of Okawaru.
  1743 | D:2      | Reached XP level 4. HP: 27/27 MP: 3/7
  1792 | D:2      | Learned a level 3 spell: Stone Arrow
  1796 | D:2      | Learned a level 2 spell: Passwall
  1894 | D:2      | Found an iron altar of Okawaru.
  1894 | D:2      | Found a shimmering altar of Xom.
  2110 | D:2      | Reached skill level 5 in Earth Magic
  2245 | D:3      | Found a snail-covered altar of Cheibriados.
  2967 | D:3      | Found an opulent altar of Gozag.
  3112 | D:4      | Noticed Edmund
  3193 | D:4      | Reached XP level 5. HP: 31/31 MP: 5/8
  3227 | D:4      | Found a staircase to the Ecumenical Temple.
  3249 | Temple   | Entered the Ecumenical Temple
  3459 | Temple   | Became a worshipper of Qazlal Stormbringer
  3693 | D:4      | Noticed a phantom
  3702 | D:4      | Killed a phantom
  3702 | D:4      | Reached XP level 6. HP: 36/36 MP: 4/11
  3709 | D:4      | Learned a level 5 spell: Lee's Rapid Deconstruction
  4191 | D:5      | Entered Level 5 of the Dungeon
  4375 | D:5      | Found a stormy altar of Qazlal.
  4381 | D:5      | Noticed a slave
  4382 | D:5      | Noticed a slave
  4383 | D:5      | Noticed a slave
  4384 | D:5      | Noticed Pikel
  4385 | D:5      | Noticed a slave
  4459 | D:5      | Killed Pikel
  4459 | D:5      | Reached skill level 5 in Shields
  4459 | D:5      | Reached XP level 7. HP: 22/41 MP: 0/13
  4625 | D:5      | Noticed diana's ghost (novice DgGl)
  4647 | D:5      | Noticed Sigmund
  4744 | D:5      | Reached XP level 8. HP: 19/46 MP: 7/14
  5279 | D:5      | Killed diana's ghost
  5452 | D:6      | Reached skill level 6 in Shields
  5647 | D:6      | Found a deep blue altar of Sif Muna.
  5680 | D:6      | Reached skill level 7 in Shields
  5718 | D:6      | Reached * piety under Qazlal
  5845 | D:6      | Reached XP level 9. HP: 45/51 MP: 7/15
  6095 | D:6      | Reached skill level 8 in Shields
  6307 | D:7      | Reached skill level 9 in Shields
  6410 | D:7      | Gained mutation: You have a pair of small antennae on your head. [potion of mutation]
  6410 | D:7      | Gained mutation: You are partially covered in icy blue scales. (AC +2) [potion of mutation]
  6410 | D:7      | Gained mutation: You are partially covered in thin metallic scales. (AC +2) [potion of mutation]
  6412 | D:7      | HP: 2/51 [poisoned by a killer bee]
  6472 | D:7      | Found a sand-covered staircase.
  6477 | Ossuary  | Entered an ossuary
  6650 | Ossuary  | Reached ** piety under Qazlal
  6650 | Ossuary  | Reached skill level 10 in Shields
  7044 | D:7      | Found a snail-covered altar of Cheibriados.
  7117 | D:7      | Found a glowing golden altar of the Shining One.
  7389 | D:8      | Found a white marble altar of Elyvilon.
  7463 | D:8      | Reached *** piety under Qazlal
  7596 | D:8      | Noticed Joseph
  7603 | D:8      | Reached skill level 5 in Dodging
  7603 | D:8      | Reached XP level 10. HP: 41/56 MP: 1/17
  7607 | D:8      | Killed Joseph
  7607 | D:8      | Reached skill level 5 in Spellcasting
  8161 | D:8      | Noticed microfolk's ghost (novice HaWr)
  8501 | D:9      | Reached skill level 1 in Fighting
  8504 | D:9      | Noticed Grum
  8509 | D:9      | Killed Grum
  8516 | D:9      | Noticed a two-headed ogre
  8577 | D:9      | Learned a level 2 spell: Blink
  8581 | D:9      | Learned a level 3 spell: Mephitic Cloud
  8642 | D:9      | Killed a two-headed ogre
  8723 | D:9      | Reached **** piety under Qazlal
  8880 | D:9      | Reached XP level 11. HP: 55/67 MP: 4/21
  9023 | D:9      | Found a radiant altar of Vehumet.
  9025 | D:9      | Found a burning altar of Makhleb.
  9271 | D:9      | Found a basalt altar of Yredelemnul.
  9439 | D:9      | Killed from afar by a molten gargoyle

Skill      XL: |  1  2  3  4  5  6  7  8  9 10 11 |
---------------+----------------------------------+-----
Earth Magic    | 4 5 6 7 |  7.6
Spellcasting   | 3 4 7 |  7.0
Shields        | 5 7 10 | 10.0
Dodging        | 3 5 7 8 |  8.3
Fighting       | 3 |  3.0
Stealth        | |  2.6
Transmutations | |  1.0

Action                   |  1- 3 |  4- 6 |  7- 9 | 10-12 || total
-------------------------+-------+-------+-------+-------++-------
Melee: Unarmed           |    16 |    64 |       |       ||    80
       Constrict         |     3 |    17 |    23 |    10 ||    53
       Tentacles         |     2 |    12 |    13 |     5 ||    32
       Whip              |       |       |    78 |    36 ||   114
       Dagger            |       |       |       |     7 ||     7
 Cast: Sandblast         |    34 |    45 |   153 |    89 ||   321
       Stone Arrow       |       |     3 |     5 |       ||     8
       Lee's Rapid Decon |       |     1 |     6 |    10 ||    17
       Blink             |       |       |       |     1 ||     1
Evoke: Wand              |       |       |       |    31 ||    31
  Use: Potion            |       |       |     6 |       ||     6
       Scroll            |       |       |       |     3 ||     3
 Stab: Sleeping          |     2 |     4 |     1 |       ||     7
       Distracted        |       |     1 |       |       ||     1
       Held in net/web   |       |       |     1 |       ||     1
  Eat: Chunk             |     3 |     7 |    11 |     7 ||    28
       Ration            |       |     1 |       |     1 ||     2
Armor: Skin              |     3 |     6 |    18 |    12 ||    39
Dodge: Dodged            |    14 |    57 |    60 |    52 ||   183
       Deflected         |       |       |       |     2 ||     2
Block: Other             |       |     3 |       |       ||     3
       Buckler           |       |       |    94 |    78 ||   172
       Reflection        |       |       |     5 |     3 ||     8
